Map: [TLMC14] Blackburn

Players

Zest

  • Race: Protoss Protoss

Neeb - Winner!

  • Race: Protoss Protoss

Event: DreamHack SC2 Masters 2021 Winter

VOD

Have the link to the VOD?

Description

Time

  • Played on: Nov. 10, 2021, 9:33 a.m.
  • Length: 14:46

All games in this series

Show
View Real Time Build Order
Export as new Build Order

Zest Protoss 

Build Orders: Phoenix Opening, Carriers, Mass Phoenix 

Get SALT Encoding   

  12  0:00  Probe  
  13  0:12  Probe  
  14  0:17  Pylon  
  14  0:25  Probe (Chrono Boost)  
  15  0:37  Probe (Chrono Boost)  
  15  0:38  Gateway  
  16  0:45  Probe (Chrono Boost)  
  16  0:47  Assimilator  
  17  0:51  Probe  
  18  1:03  Probe (Chrono Boost)  
  19  1:04  Assimilator  
  19  1:08  Pylon  
  19  1:13  Probe (Chrono Boost)  
  19  1:17  Probe (Chrono Boost)  
  21  1:25  Cybernetics Core  
  21  1:29  Probe  
  22  1:34  Zealot  
  24  1:41  Probe  
  25  1:53  Probe  
  26  2:03  Stargate  
  26  2:10  Pylon  
  26  2:25  Warp Gate  
  26  2:30  Cybernetics Core  
  26  2:40  Pylon  
  26  2:46  Nexus  
  26  2:50  Phoenix (Chrono Boost)  
  26  2:55  Probe  
  29  3:06  Phoenix (Chrono Boost)  
  29  3:07  Probe  
  32  3:19  Probe  
  33  3:24  Phoenix (Chrono Boost)  
  35  3:32  Probe  
  35  3:38  Shield Battery  
  35  3:44  Probe  
  35  3:46  Phoenix (Chrono Boost)  
  38  3:51  Assimilator  
  38  3:56  Probe  
  38  4:00  Probe  
  40  4:07  Phoenix (Chrono Boost)  
  40  4:08  Probe  
  43  4:12  Probe  
  43  4:14  Assimilator  
  44  4:21  Probe  
  45  4:24  Phoenix (Chrono Boost)  
  45  4:25  Probe  
  48  4:33  Probe, Pylon  
  48  4:37  Probe  
  50  4:40  Stargate  
  50  4:45  Probe  
  51  4:49  Phoenix  
  51  4:51  Probe  
  54  4:57  Probe  
  55  5:03  Probe, Pylon  
  56  5:09  Probe  
  56  5:10  Pylon  
  57  5:14  Phoenix (Chrono Boost)  
  57  5:16  Probe  
  60  5:22  Probe  
  60  5:27  Phoenix (Chrono Boost)  
  63  5:33  Phoenix (Chrono Boost)  
  65  5:36  Probe  
  65  5:40  Fleet Beacon  
  66  5:51  Phoenix  
  68  5:58  Phoenix  
  70  6:08  Pylon  
  68  6:15  Nexus, Probe x2  
  68  6:17  Pylon  
  70  6:26  Phoenix x2  
  70  6:27  Anion Pulse-Crystals (Chrono Boost)  
  74  6:34  Probe x2  
  76  6:46  Probe x2  
  78  6:50  Pylon  
  78  6:51  Phoenix  
  78  6:52  Phoenix  
  82  6:58  Probe x2, Pylon  
  84  7:05  Pylon  
  84  7:10  Probe x2  
  86  7:16  Phoenix, Assimilator  
  86  7:17  Phoenix  
  86  7:20  Assimilator  
  91  7:22  Probe  
  91  7:25  Probe  
  91  7:29  Probe  
  93  7:31  Stargate  
  93  7:35  Probe  
  93  7:37  Probe  
  95  7:41  Probe  
  96  7:47  Probe  
  96  7:49  Probe  
  104  7:53  Probe  
  105  7:59  Probe  
  105  8:00  Carrier (Chrono Boost), Nexus  
  105  8:04  Pylon  
  104  8:08  Probe  
  111  8:16  Carrier (Chrono Boost)  
  111  8:19  Probe x2, Pylon  
  113  8:20  Probe  
  114  8:27  Protoss Air Weapons Level 1  
  114  8:31  Shield Battery  
  114  8:32  Carrier (Chrono Boost)  
  120  8:39  Robotics Facility  
  120  8:42  Probe x3  
  120  8:47  Carrier (Chrono Boost)  
  123  8:53  Shield Battery  
  129  8:57  Shield Battery  
  129  9:01  Gateway  
  128  9:13  Probe  
  128  9:14  Carrier (Chrono Boost), Probe x2  
  132  9:25  Probe  
  132  9:26  Probe  
  134  9:33  Probe x2  
  134  9:37  Carrier (Chrono Boost)  
  134  9:38  Assimilator, Probe x2  
  138  9:41  Carrier (Chrono Boost)  
  138  9:44  Observer  
  151  9:47  Probe x2  
  151  9:50  Assimilator, Probe  
  151  9:51  Pylon  
  151  9:52  Pylon  
  154  9:54  Pylon  
  154  9:57  Sentry  
  156  10:05  Pylon  
  151  10:08  Probe x3  
  140  10:19  Probe  
  140  10:20  Probe x2  
  140  10:21  Probe, Shield Battery  
  142  10:23  Carrier (Chrono Boost)  
  142  10:24  Observer  
  142  10:26  Protoss Air Weapons Level 2 (Chrono Boost)  
  143  10:29  Nexus  
  143  10:31  Probe  
  143  10:32  Probe x2  
  146  10:42  Carrier x2 (Chrono Boost), Probe  
  147  10:49  Forge  
  159  10:53  Sentry  
  161  10:59  Probe x3  
  161  11:01  Probe  
  161  11:03  Shield Battery  
  158  11:11  Probe x3  
  158  11:17  Carrier (Chrono Boost)  
  154  11:31  Probe x3  
  151  11:36  Carrier x2 (Chrono Boost)  
  151  11:39  Probe  
  162  11:42  Probe  
  162  11:43  Probe x2  
  162  11:44  Observer, Pylon  
  166  11:47  Observer, Assimilator  
  166  11:52  Assimilator  
  166  12:10  Stargate x2  
  166  12:20  Carrier (Chrono Boost)  
  166  12:22  Protoss Shields Level 1 (Chrono Boost)  
  184  12:31  Carrier x2 (Chrono Boost)  
  184  12:52  Carrier x2 (Chrono Boost)  
  189  13:24  Carrier (Chrono Boost)  
  189  13:26  Carrier (Chrono Boost)  
  195  13:28  Observer  
  195  13:36  Observer  
  195  13:37  Observer  
  191  13:45  Sentry  
  193  13:51  Oracle (Chrono Boost)  
Show
View Real Time Build Order
Export as new Build Order

Neeb Protoss - Winner!

Build Orders: Phoenix Opening, Carriers, Mass Phoenix 

Get SALT Encoding   

  12  0:00  Probe  
  13  0:12  Probe  
  14  0:19  Pylon  
  14  0:24  Probe  
  15  0:38  Probe (Chrono Boost)  
  15  0:40  Gateway  
  16  0:47  Assimilator, Probe (Chrono Boost)  
  17  0:52  Probe (Chrono Boost)  
  18  0:59  Assimilator  
  19  1:04  Probe (Chrono Boost)  
  19  1:05  Pylon  
  19  1:13  Probe (Chrono Boost)  
  20  1:18  Probe (Chrono Boost)  
  21  1:28  Cybernetics Core  
  21  1:30  Probe  
  24  1:42  Zealot, Probe  
  25  1:54  Probe  
  26  2:05  Stargate  
  26  2:12  Probe  
  27  2:18  Pylon  
  27  2:22  Pylon  
  27  2:28  Probe  
  28  2:33  Warp Gate  
  28  2:40  Probe  
  29  2:48  Phoenix (Chrono Boost)  
  31  2:52  Probe  
  31  2:58  Pylon  
  32  3:04  Phoenix (Chrono Boost), Probe  
  35  3:17  Probe  
  36  3:25  Phoenix (Chrono Boost)  
  38  3:29  Probe  
  38  3:31  Nexus  
  38  3:36  Stargate  
  38  3:42  Probe  
  38  3:47  Phoenix  
  41  3:51  Assimilator  
  41  3:54  Probe  
  42  4:05  Pylon  
  42  4:06  Probe  
  43  4:12  Phoenix (Chrono Boost)  
  45  4:18  Probe  
  46  4:28  Phoenix (Chrono Boost)  
  46  4:30  Probe  
  49  4:33  Assimilator  
  49  4:40  Phoenix (Chrono Boost)  
  49  4:43  Probe x2  
  53  4:55  Probe  
  53  4:56  Probe  
  53  4:57  Phoenix (Chrono Boost)  
  58  5:07  Phoenix (Chrono Boost), Probe  
  58  5:08  Probe  
  59  5:19  Probe  
  59  5:20  Probe  
  61  5:21  Pylon  
  61  5:23  Phoenix (Chrono Boost)  
  61  5:26  Pylon  
  63  5:31  Probe  
  63  5:32  Probe  
  67  5:38  Phoenix (Chrono Boost)  
  67  5:42  Phoenix (Chrono Boost)  
  67  5:46  Probe  
  67  5:48  Probe  
  71  5:54  Pylon  
  71  5:58  Fleet Beacon  
  71  6:08  Phoenix (Chrono Boost)  
  73  6:11  Nexus  
  73  6:13  Probe  
  73  6:17  Phoenix (Chrono Boost)  
  76  6:19  Probe  
  77  6:26  Probe  
  77  6:27  Pylon  
  77  6:30  Pylon  
  80  6:34  Phoenix (Chrono Boost)  
  80  6:35  Pylon  
  80  6:39  Anion Pulse-Crystals (Chrono Boost)  
  81  6:44  Phoenix  
  82  6:48  Probe x2  
  83  6:58  Assimilator  
  83  7:00  Probe  
  84  7:02  Assimilator  
  84  7:04  Shield Battery  
  84  7:05  Shield Battery x2  
  84  7:06  Probe  
  85  7:13  Sentry  
  87  7:16  Probe  
  94  7:24  Probe  
  94  7:25  Probe  
  94  7:27  Carrier (Chrono Boost)  
  96  7:31  Probe  
  96  7:33  Carrier (Chrono Boost)  
  97  7:40  Probe  
  97  7:41  Probe  
  105  7:44  Probe  
  105  7:49  Stargate  
  106  7:52  Probe  
  106  7:55  Pylon  
  106  7:56  Probe  
  108  7:59  Probe  
  108  8:04  Probe  
  110  8:08  Probe  
  110  8:10  Pylon  
  111  8:13  Adept  
  111  8:15  Phoenix (Chrono Boost)  
  111  8:17  Probe x2  
  111  8:18  Pylon  
  117  8:23  Phoenix (Chrono Boost), Pylon  
  119  8:27  Probe  
  119  8:32  Pylon  
  122  8:37  Probe  
  122  8:41  Phoenix (Chrono Boost)  
  124  8:46  Phoenix x2 (Chrono Boost)  
  126  8:51  Pylon  
  125  8:56  Phoenix (Chrono Boost)  
  125  8:57  Nexus  
  125  8:59  Pylon  
  129  9:13  Carrier (Chrono Boost)  
  139  9:23  Carrier (Chrono Boost)  
  139  9:28  Protoss Air Weapons Level 1 (Chrono Boost)  
  139  9:30  Probe  
  144  9:32  Probe  
  144  9:34  Gateway  
  144  9:37  Probe  
  146  9:38  Assimilator  
  146  9:43  Assimilator  
  146  9:44  Forge  
  146  9:47  Mothership  
  154  9:54  Shield Battery  
  154  9:55  Shield Battery  
  154  9:56  Shield Battery  
  154  10:12  Carrier (Chrono Boost)  
  154  10:17  Carrier (Chrono Boost)  
  148  10:22  Stargate  
  148  10:27  Cybernetics Core  
  154  10:33  Photon Cannon  
  154  10:35  Carrier (Chrono Boost)  
  154  10:36  Photon Cannon, Probe x2  
  156  10:48  Nexus  
  156  10:50  Pylon  
  156  10:51  Protoss Shields Level 1  
  156  10:56  Stargate  
  156  11:01  Stargate  
  156  11:02  Assimilator  
  156  11:06  Assimilator  
  156  11:07  Carrier (Chrono Boost)  
  156  11:09  Pylon  
  160  11:20  Robotics Facility  
  162  11:36  Carrier (Chrono Boost)  
  168  11:49  Protoss Air Armor Level 1 (Chrono Boost)  
  168  11:52  Carrier x2 (Chrono Boost)  
  168  11:53  Photon Cannon  
  168  11:54  Protoss Air Weapons Level 2 (Chrono Boost), Photon Cannon, Shield Battery  
  174  11:55  Photon Cannon  
  174  11:56  Photon Cannon  
  174  11:58  Shield Battery  
  186  12:18  Carrier x2 (Chrono Boost)  
  190  12:30  Carrier x2 (Chrono Boost)  
  196  12:47  Carrier (Chrono Boost)  
  200  13:08  Twilight Council  
  200  13:11  Pylon  
  198  13:18  Pylon  
  194  13:22  Carrier  
  196  13:34  Pylon  
  198  13:41  Carrier  
  198  13:42  Pylon  
  198  13:47  Pylon  
  200  14:10  Observer (Chrono Boost)  
  178  14:45  Assimilator  

Tags
 
Add a new tag
Caveats
  • Supply blocks, unpowered buildings, or Contaminate may cause inaccurate times.
  • Supply counts are checked every 10 seconds.